 Dungeon Crawl Stone Soup version 0.17.1-3-g152610e (webtiles) character file.

174679 Peloso the Minotaur Blade (level 17, -3/163 HPs)
             Began as a Minotaur Fighter on Mar 25, 2016.
             Was the Champion of Okawaru.
             Slain by an antimagic bardiche (26 damage)
             ... on level 2 of the Elven Halls on Mar 26, 2016.
             The game lasted 02:32:19 (35814 turns).

Peloso the Minotaur Blade (Minotaur Fighter)       Turns: 35814, Time: 02:32:19

Health: -3/163     AC: 31    Str: 32    XL:     17   Next: 45%
Magic:  2/19       EV: 13    Int:  7    God:    Okawaru [******]
Gold:   3615       SH: 12    Dex: 16    Spells: 0 memorised, 16 levels left

rFire  . . .     SeeInvis +     X - +6 long sword of the Present {slice, +Fly SInv}
rCold  . . .     Clarity  .     o - +1 plate armour {MR+}
rNeg   . . .     SustAt   +     V - +5 buckler "Fiawol" {*Confuse rPois Str+8}
rPois  +         Gourm    .     P - +2 hat
rElec  .         Spirit   .     L - +2 cloak
rCorr  .         Warding  .     R - +0 pair of gloves {archery}
rMut   +         Stasis   .     j - +2 pair of boots {Stlth+}
MR     +++..                    F - amulet of resist mutation
Stlth  ..........               u - +3 ring of dexterity
                                Z - ring of Cojaepou {SustAt MR+}

@: heavily drained, extremely resistant to hostile enchantments, extremely
unstealthy
A: retaliatory headbutt, horns 2, rough black scales 1, clever 1
a: Heroism, Finesse, Renounce Religion, Evoke Flight


You were on level 2 of the Elven Halls.
You worshipped Okawaru.
Okawaru was exalted by your worship.
You were hungry.

You visited 5 branches of the dungeon, and saw 30 of its levels.
You also visited: Bailey and Ice Cave.

You collected 3615 gold pieces.

Inventory:

Hand Weapons
 b - a +3 demon blade of flaming
 g - the +5 triple sword "Beefitin" {freeze, MP+9 Int+3 Dex+5}
   (Okawaru gifted it to you on level 15 of the Dungeon)

   It has been specially enchanted to freeze those struck by it, causing extra
   injury to most foes and up to half again as much damage against particularly
   susceptible opponents.
   It can also slow down cold-blooded creatures.
   It affects your intelligence (+3).
   It affects your dexterity (+5).
   It affects your magic capacity (+9).
 X - the +6 long sword of the Present (weapon) {slice, +Fly SInv}
   (You found it on level 11 of the Dungeon)

   It inflicts extra damage upon your enemies.
   It lets you see invisible.
   It lets you fly.
Armour
 j - a +2 pair of boots of stealth (worn)
 o - a +1 plate armour of magic resistance (worn)
 L - a +2 cloak (worn)
 P - a +2 hat (worn)
 R - a +0 pair of gloves of archery (worn)
 V - the +5 buckler "Fiawol" (worn) {*Confuse rPois Str+8}
   (Okawaru gifted it to you on level 1 of the Elven Halls)

   It affects your strength (+8).
   It protects you from poison.
   It may confuse you when you take damage.
Jewellery
 h - an uncursed ring of protection from fire
 l - an uncursed ring of positive energy
 r - an uncursed ring of protection from fire
 s - an uncursed ring of positive energy
 u - a +3 ring of dexterity (right hand)
 F - an amulet of resist mutation (around neck)
 U - an uncursed ring of poison resistance
 Z - the ring of Cojaepou (left hand) {SustAt MR+}
   (You found it in an ice cave)

   [ring of sustain attributes]

   It sustains your strength, intelligence and dexterity.
   It affects your resistance to hostile enchantments.
Wands
 q - a wand of slowing (26)
 t - a wand of frost (26)
 G - a wand of lightning (6)
 H - a wand of teleportation (4)
 M - a wand of flame (22)
Scrolls
 a - 10 scrolls of identify
 k - 6 scrolls of teleportation
 p - a scroll of blinking
 v - 7 scrolls of enchant armour
 y - 4 scrolls of magic mapping
 A - 4 scrolls of enchant weapon
 D - a scroll of silence
 I - 8 scrolls of recharging
 O - 2 scrolls of fear
 S - 4 scrolls of fog
 T - 10 scrolls of remove curse
Potions
 d - 5 potions of might
 f - 2 potions of invisibility
 i - 2 potions of resistance
 n - 5 potions of heal wounds
 x - a potion of brilliance
 z - 11 potions of curing
 E - 6 potions of berserk rage
 J - 3 potions of haste
 K - a potion of flight
Books
 w - a book of Party Tricks

   Spells                             Type                      Level
   a - Summon Butterflies             Summoning                    1
   b - Apportation                    Translocation                1
   c - Tukima's Dance                 Hexes                        3
   d - Alistair's Intoxication        Transmutation/Poison         4
   e - Invisibility                   Hexes                        6
Comestibles
 e - 15 bread rations
 m - 11 meat rations
 B - 14 fruits
 C - 2 beef jerkies
 N - 15 slices of pizza


   Skills:
 + Level 17.8(14.5) Fighting
 + Level 21.0(17.5) Long Blades
   Level 1.4(0.0) Polearms
 + Level 16.3(13.2) Armour
 + Level 10.7(7.9) Dodging
 + Level 2.2(0.0) Stealth
 + Level 13.3(10.3) Shields
 + Level 4.4(2.1) Invocations
 + Level 0.5(0.0) Evocations


You had 16 spell levels left.
You didn't know any spells.

Dungeon Overview and Level Annotations

Branches:
Dungeon (15/15)            Temple (1/1) D:6            Lair (8/8) D:9
 Shoals (0/4) Lair:4        Snake (0/4) Lair:3        Slime (0/6) Lair:6
    Orc (4/4) D:12            Elf (2/3) Orc:3        Vaults (0/5) D:13
 Depths (0/5) D:15

Altars:
Ashenzari
Cheibriados
Dithmenos
Elyvilon
Fedhas
Gozag
Kikubaaqudgha
Makhleb
Nemelex Xobeh
Okawaru
Qazlal
Ru
Sif Muna
Trog
Vehumet
Xom
Yredelemnul
Zin
The Shining One
Beogh
Jiyva

Shops:
D:6 %   D:13 [![   D:15 *   Orc:2 }   Orc:4 :%?(   Elf:1 }

Annotations:
Lair:1 exclusion: 4 oklob plants


Innate Abilities, Weirdness & Mutations

You reflexively headbutt those who attack you in melee.
You have a pair of horns on your head.
You are partially covered in rough black scales (AC +4, Dex -1).
Your mind is acute. (Int +2)


Message History

You block the deep elf knight's attack.
The dire flail of draining hits you but does no damage.
You feel drained.
You barely miss the deep elf knight. You headbutt the deep elf knight!
You kill the deep elf knight!
Okawaru accepts your kill. The dire flail of draining hits you!
* * * LOW HITPOINT WARNING * * *
You feel drained.
* * * LOW HITPOINT WARNING * * *
The antimagic bardiche misses you.
A scimitar of draining comes into view.
The dire flail of draining hits you!
* * * LOW HITPOINT WARNING * * *
You feel drained.
You hit the antimagic bardiche but do no damage.
Your headbutt misses the antimagic bardiche.
You block the dire flail of draining's attack.
The antimagic bardiche hits you!!
You die...

###.####.####..##
##...##...##....##
.................## #
............#..^..########## #
...........###)...##.......# ###
#.........## ##...########.# #..
##........# ##)).##.....[.####..
#..........# #.((.##((.....##....
...........# #..@.##.<.(...##....
............#.....##.).....##....
..)...............##........(>...
..)...............##.).(.........
..................##.[...........
................(.##......)##....
..................##.......######
............#.....##.......######
........... #.............


You could see 3 dancing weapons.

Vanquished Creatures
  Rupert (Lair:5)
  Kirke (D:13)
  Roxanne (D:14)
  3 orc warlords
  Maud (Lair:5)
  Aizul (Elf:1)
  A deep elf sorcerer (Elf:2)
  Azrael (Orc:4)
  A deep elf annihilator (Elf:1)
  Josephine (Lair:5)
  A fire dragon (D:15)
  Harold (Lair:3)
  13 hydras
  4 ice dragons
  3 centaur warriors
  18 death yaks
  12 dancing weapons (Elf:2)
  4 orc high priests (Orc:4)
  A tengu warrior (D:14)
  A naga sharpshooter (D:15)
  14 deep elf knights
  A fire crab (shapeshifter) (D:15)
  5 skeletal warriors
  2 unseen horrors (D:13)
  An unseen horror (shapeshifter) (Elf:1)
  7 deep elf summoners
  5 orc knights
  10 hill giants
  26 ugly things
  8 deep elf conjurers
  The ghost of Viceroy the Destroyer, a novice OpCj of Sif Muna (D:7)
  5 orc sorcerers
  A wolf spider (shapeshifter) (Elf:2)
  3 manticores
  5 griffons
  20 elephants
  5 cyclopes
  4 black mambas
  A naga mage (D:15)
  2 ice statues (IceCv)
  A gargoyle (D:11)
  2 torpor snails
  8 komodo dragons
  14 spiny frogs
  An efreet (D:14)
  2 fire drakes
  2 freezing wraiths
  14 deep elf priests
  11 polar bears
  A spriggan druid (Lair:8)
  Grinder (D:3)
  A two-headed ogre (shapeshifter) (D:15)
  8 slime creatures
  2 boulder beetles
  15 blink frogs
  5 trolls
  A wind drake (shapeshifter) (D:15)
  2 tarantellas (shapeshifter)
  9 spriggans (Lair:8)
  17 deep elf magi
  5 two-headed ogres
  2 trapdoor spiders
  A centaur simulacrum (D:12)
  6 redbacks (Lair:8)
  5 wraiths (Lair:5)
  44 yaks
  4 hogs
  A wyvern (D:9)
  4 basilisks
  22 deep elf fighters
  10 hippogriffs
  22 wolves
  3 vampire mosquitoes (D:13)
  A human (D:7)
  The ghost of riffraff the Skirmisher, an amateur DsBe of Trog (D:4)
  A vampire (D:13)
  3 fire elementals
  4 hungry ghosts
  A naga (Lair:3)
  5 wargs
  11 water moccasins
  3 hell hounds (Orc:3)
  15 porcupines
  A phantom (D:4)
  An eye of draining (D:12)
  2 necrophages
  58 orc warriors
  22 ogres
  3 sky beasts
  10 black bears
  17 ice beasts
  4 wasps
  27 centaurs
  17 crocodiles
  A big kobold (D:9)
  Blork the orc (D:6)
  20 giant frogs
  A wyvern skeleton (D:7)
  A scorpion (Lair:4)
  3 killer bees
  5 wights (D:9)
  An electric eel (Lair:8)
  2 centaur zombies
  10 crimson imps
  A giant frog zombie (D:13)
  7 hounds
  3 centaur skeletons
  37 orc priests
  4 jellies
  30 orc wizards
  5 hell rats (Lair:4)
  4 giant frog skeletons
  12 worker ants
  11 iguanas
  Natasha (twice) (D:3)
  66 sheep
  A hound zombie (D:6)
  A hound skeleton (D:9)
  12 gnolls
  104 river rats
  9 adders
  3 shadow imps
  12 white imps (Lair:7)
  2 oozes
  9 worms
  2 adder skeletons
  202 orcs
  16 bats
  44 goblins
  26 hobgoblins
  14 jackals
  17 kobolds
  9 quokkas
  A ball python (D:3)
  6 giant cockroaches
  6 giant geckos
  2 giant gecko skeletons
  9 giant newts
  A jackal skeleton (D:7)
  15 rats
  2 fungi
  A plant (D:13)
1402 creatures vanquished.

Vanquished Creatures (collateral kills)
  An orc high priest (Orc:4)
  An orc warrior (Orc:4)
  2 orc priests (Orc:4)
  2 orcs (Orc:4)
6 creatures vanquished.

Vanquished Creatures (others)
  A human (D:13)
  A hippogriff (D:9)
  An orc warrior (D:9)
  A crimson imp (D:9)
  2 orc wizards
  A worker ant (D:9)
  An adder (D:9)
  A shadow imp (D:13)
  An orc (Orc:4)
  A fulminant prism (D:7)
  26 fungi
  13 plants
50 creatures vanquished.

Grand Total: 1458 creatures vanquished

Notes
Turn   | Place    | Note
--------------------------------------------------------------
     0 | D:1      | Peloso the Minotaur Fighter began the quest for the Orb.
     0 | D:1      | Reached XP level 1. HP: 19/19 MP: 0/0
   165 | D:1      | Reached XP level 2. HP: 16/27 MP: 1/1
   249 | D:1      | Reached skill level 4 in Fighting
   399 | D:1      | Reached XP level 3. HP: 25/33 MP: 2/2
   595 | D:2      | Reached skill level 1 in Dodging
  1127 | D:2      | Reached XP level 4. HP: 39/41 MP: 3/3
  1678 | D:3      | Noticed Grinder
  1698 | D:3      | Killed Grinder
  1698 | D:3      | Reached skill level 5 in Shields
  1698 | D:3      | Reached XP level 5. HP: 13/47 MP: 4/4
  1698 | D:3      | Reached XP level 6. HP: 14/53 MP: 5/5
  1806 | D:3      | Noticed a centaur
  1817 | D:3      | Killed a centaur
  1817 | D:3      | Reached skill level 5 in Armour
  1826 | D:3      | Found a faded altar to an unknown god.
  2290 | D:3      | Noticed Natasha
  2298 | D:3      | Killed Natasha
  2358 | D:3      | Found a deep blue altar of Sif Muna.
  2465 | D:4      | Noticed riffraff's ghost (amateur DsBe)
  2485 | D:4      | Killed riffraff's ghost
  2485 | D:4      | Reached XP level 7. HP: 40/60 MP: 6/6
  2493 | D:4      | Reached skill level 6 in Shields
  2500 | D:4      | Reached skill level 5 in Fighting
  2974 | D:4      | Reached skill level 5 in Long Blades
  3203 | D:3      | Noticed Natasha
  3207 | D:3      | Killed Natasha
  3473 | D:5      | Entered Level 5 of the Dungeon
  3631 | D:5      | Found an iron altar of Okawaru.
  3641 | D:5      | Became a worshipper of Warmaster Okawaru
  3788 | D:5      | Found a shattered altar of Ashenzari.
  3871 | D:5      | Reached XP level 8. HP: 61/68 MP: 7/7
  4007 | D:6      | Found Moedacoa's Food Boutique.
  4028 | D:6      | Reached skill level 7 in Shields
  4068 | D:6      | Found a staircase to the Ecumenical Temple.
  4077 | Temple   | Entered the Ecumenical Temple
  4374 | D:6      | Noticed Blork the orc
  4388 | D:6      | Killed Blork the orc
  4388 | D:6      | Reached * piety under Okawaru
  4388 | D:6      | Reached skill level 5 in Dodging
  4574 | D:6      | Found a radiant altar of Vehumet.
  4682 | D:6      | Found a sparkling altar of Nemelex Xobeh.
  4768 | D:6      | Found a snail-covered altar of Cheibriados.
  5190 | D:7      | Noticed Viceroy's ghost (novice OpCj)
  5203 | D:7      | Killed Viceroy's ghost
  5260 | D:7      | Reached ** piety under Okawaru
  5395 | D:7      | Reached skill level 8 in Shields
  5395 | D:7      | Reached XP level 9. HP: 67/75 MP: 8/8
  5476 | D:7      | Found a blossoming altar of Fedhas.
  6027 | D:8      | Reached skill level 1 in Stealth
  6044 | D:8      | Noticed a hill giant
  6054 | D:8      | Killed a hill giant
  6054 | D:8      | Reached *** piety under Okawaru
  6054 | D:8      | Reached skill level 9 in Shields
  6279 | D:9      | Found a shadowy altar of Dithmenos.
  6279 | D:9      | Noticed a centaur warrior
  6295 | D:9      | Killed a centaur warrior
  6295 | D:9      | Reached XP level 10. HP: 70/86 MP: 9/9
  6367 | D:9      | Found a shimmering altar of Xom.
  6426 | D:9      | Reached **** piety under Okawaru
  6498 | D:9      | Reached skill level 10 in Shields
  6740 | D:9      | Found a staircase to the Lair.
  6927 | D:9      | Found a burning altar of Makhleb.
  7005 | D:9      | Identified a scroll of acquirement
  7100 | D:10     | Entered Level 10 of the Dungeon
  7107 | D:10     | Found a bloodstained altar of Trog.
  7600 | D:10     | Noticed a hill giant
  7613 | D:10     | Killed a hill giant
  7613 | D:10     | Reached skill level 11 in Shields
  8040 | D:11     | Reached ***** piety under Okawaru
  8213 | D:11     | Reached XP level 11. HP: 97/97 MP: 10/10
  8255 | D:11     | Noticed a hill giant
  8265 | D:11     | Noticed a cyclops
  8276 | D:11     | Killed a hill giant
  8285 | D:11     | Killed a cyclops
  8285 | D:11     | Reached skill level 10 in Long Blades
  8502 | D:11     | Got an encrusted long sword
  8503 | D:11     | Identified the +6 long sword of the Present {slice, +Fly SInv} (You found it on level 11 of the Dungeon)
  8519 | D:11     | Found a flagged portal.
  8538 | Bailey   | Entered a bailey
  8637 | Bailey   | Received a gift from Okawaru
  8704 | Bailey   | Reached skill level 1 in Invocations
  8768 | Bailey   | Noticed an orc warlord
  8804 | Bailey   | Killed an orc warlord
  8804 | Bailey   | Reached skill level 12 in Shields
  9225 | D:11     | Received a gift from Okawaru
  9287 | D:11     | Noticed a hill giant
  9296 | D:11     | Killed a hill giant
  9690 | D:12     | Reached skill level 10 in Fighting
  9695 | D:12     | Reached skill level 10 in Armour
  9762 | D:12     | Noticed a hill giant
  9763 | D:12     | Noticed a seven-headed hydra
  9771 | D:12     | Killed a hill giant
  9788 | D:12     | Killed a two-headed hydra
 10067 | D:12     | Reached XP level 12. HP: 87/106 MP: 12/12
 10709 | D:12     | Noticed a hill giant
 10715 | D:12     | Killed a hill giant
 10715 | D:12     | Reached skill level 1 in Polearms
 10728 | D:12     | Found a staircase to the Orcish Mines.
 11021 | Lair:1   | Entered Level 1 of the Lair of Beasts
 11021 | Lair:1   | Noticed a seven-headed hydra
 11034 | Lair:1   | Killed a four-headed hydra
 11063 | Lair:1   | Gained mutation: You can translocate small distances at will. [potion of beneficial mutation]
 11064 | Lair:1   | Lost mutation: You can translocate small distances at will. [potion of cure mutation]
 11065 | Lair:1   | Gained mutation: You are partially covered in rough black scales (AC +4, Dex -1). [potion of beneficial mutation]
 11284 | D:13     | Noticed Kirke
 11397 | Orc:1    | Entered Level 1 of the Orcish Mines
 11917 | Orc:2    | Reached ****** piety under Okawaru
 12027 | Orc:2    | Received a gift from Okawaru
 12399 | Orc:2    | Found Cefaor's Gadget Boutique.
 12726 | Orc:3    | Found a staircase to the Elven Halls.
 13032 | Orc:4    | Entered Level 4 of the Orcish Mines
 13032 | Orc:4    | Noticed Azrael
 13261 | Orc:4    | Killed Azrael
 13695 | Orc:4    | Noticed an orc warlord
 13735 | Orc:4    | Killed an orc warlord
 13735 | Orc:4    | Received a gift from Okawaru
 13735 | Orc:4    | Reached skill level 13 in Long Blades
 13769 | Orc:4    | Got a jewelled great sword {god gift}
 13779 | Orc:4    | Identified the +3 great sword "Onienah" {vamp, MR+ Dex+3} (Okawaru gifted it to you on level 4 of the Orcish Mines)
 14061 | Orc:4    | Noticed an orc warlord
 14061 | Orc:4    | Found Doogaff's Weapon Boutique.
 14083 | Orc:4    | Killed an orc warlord
 14083 | Orc:4    | Reached XP level 13. HP: 53/116 MP: 11/14
 14374 | Orc:4    | Found Pehesuun's Magic Scroll Shop.
 14440 | Orc:4    | Found a roughly hewn altar of Beogh.
 14480 | Orc:4    | Received a gift from Okawaru
 14485 | Orc:4    | Got a fine long sword {god gift}
 14497 | Orc:4    | Identified the +7 long sword of Arrival {venom, rElec} (Okawaru gifted it to you on level 4 of the Orcish Mines)
 15235 | Orc:4    | Reached skill level 14 in Long Blades
 15631 | Orc:4    | Found a roughly hewn altar of Beogh.
 15857 | Orc:4    | Found Qawami's Food Shop.
 15885 | Orc:4    | Found Botoh's Book Emporium.
 15901 | Orc:4    | HP: 5/118 [sun demon[an orc high priest] (6)]
 17021 | Lair:1   | Noticed a six-headed hydra
 17034 | Lair:1   | Killed a two-headed hydra
 17054 | Lair:1   | Received a gift from Okawaru
 17390 | Lair:1   | Noticed a five-headed hydra
 17397 | Lair:1   | Killed a one-headed hydra
 17404 | Lair:1   | Got a crystal flail
 17405 | Lair:1   | Identified the +9 flail "Stringbean" {antimagic, rN+ Int+3 Dex+2} (You found it on level 1 of the Lair of Beasts)
 18786 | Lair:3   | Noticed Harold
 18801 | Lair:3   | Killed Harold
 18801 | Lair:3   | Reached skill level 15 in Long Blades
 19195 | Lair:3   | Found a staircase to the Snake Pit.
 19240 | Lair:3   | Received a gift from Okawaru
 19552 | Lair:4   | Found a staircase to the Shoals.
 19723 | Lair:4   | Reached XP level 14. HP: 117/129 MP: 15/15
 20389 | Lair:5   | Noticed Josephine
 20391 | Lair:5   | Noticed Maud
 20400 | Lair:5   | Killed Josephine
 20716 | Lair:5   | Noticed Rupert
 20717 | Lair:5   | Paralysed by Rupert for 7 turns
 20743 | Lair:5   | Killed Rupert
 20743 | Lair:5   | Received a gift from Okawaru
 21088 | Lair:5   | Killed Maud
 21418 | Lair:5   | Reached skill level 16 in Long Blades
 21996 | Lair:6   | Received a gift from Okawaru
 22271 | Lair:6   | Reached skill level 10 in Dodging
 22323 | Lair:6   | Found a staircase to the Slime Pits.
 22328 | Lair:6   | Found a viscous altar of Jiyva.
 22841 | Lair:7   | Found a frozen archway.
 22880 | IceCv    | Entered an ice cave
 23096 | IceCv    | Received a gift from Okawaru
 23156 | IceCv    | Reached skill level 17 in Long Blades
 23405 | IceCv    | Got a slimy platinum ring
 23407 | IceCv    | Identified the ring of Cojaepou {SustAt MR+} (You found it in an ice cave)
 23673 | Lair:7   | Reached XP level 15. HP: 82/139 MP: 17/17
 25313 | Lair:8   | Entered Level 8 of the Lair of Beasts
 25459 | Lair:7   | Reached skill level 18 in Long Blades
 25782 | Lair:8   | Received a gift from Okawaru
 25805 | Lair:8   | Reached skill level 15 in Fighting
 25839 | Lair:8   | HP: 3/141 [spriggan rider/spear (14)]
 27726 | Lair:8   | Received a gift from Okawaru
 28441 | D:12     | Noticed a four-headed hydra
 28448 | D:12     | Killed a one-headed hydra
 28476 | D:13     | Reached skill level 15 in Armour
 28486 | D:13     | Found a gate to the Vaults.
 28565 | D:13     | Found Jeanoup's Antique Armour Shop.
 28621 | D:13     | Killed Kirke
 28621 | D:13     | Reached XP level 16. HP: 112/151 MP: 18/18
 28649 | D:13     | Found Reshromeo's Antique Armour Shoppe.
 28749 | D:13     | Found Mynkahu's Distillery.
 28841 | D:13     | Reached skill level 19 in Long Blades
 29539 | D:14     | Gained mutation: Your mind is acute. (Int +2) [potion of beneficial mutation]
 29542 | D:14     | Noticed Roxanne
 29573 | D:14     | Killed Roxanne
 29575 | D:14     | Identified Roxanne's Volume of Clay and Transmigration (You took it off Roxanne on level 14 of the Dungeon)
 30680 | D:15     | Entered Level 15 of the Dungeon
 30724 | D:15     | Received a gift from Okawaru
 30729 | D:15     | Got a steaming triple sword {god gift}
 30730 | D:15     | Identified the +5 triple sword "Beefitin" {freeze, MP+9 Int+3 Dex+5} (Okawaru gifted it to you on level 15 of the Dungeon)
 30965 | D:15     | Found Izofif's Serpentskin Sales.
 31132 | D:15     | Found a deep blue altar of Sif Muna.
 31170 | D:15     | Received a gift from Okawaru
 31596 | D:15     | Received a gift from Okawaru
 31596 | D:15     | Reached skill level 20 in Long Blades
 31617 | D:15     | Found a staircase to the Depths.
 32410 | Elf:1    | Entered Level 1 of the Elven Halls
 32760 | Elf:1    | Found Geskun's Gadget Shoppe.
 33748 | Elf:1    | Reached XP level 17. HP: 159/161 MP: 19/19
 33766 | Elf:1    | Noticed Aizul
 33777 | Elf:1    | Killed Aizul
 33978 | Elf:1    | Received a gift from Okawaru
 33983 | Elf:1    | Got a distressingly furry buckler {god gift}
 34000 | Elf:1    | Identified the +5 buckler "Fiawol" {*Confuse rPois Str+8} (Okawaru gifted it to you on level 1 of the Elven Halls)
 34371 | Elf:2    | Found a huge runed gate.
 34371 | Elf:2    | Found a huge runed gate.
 34372 | Elf:2    | Found a huge runed gate.
 34372 | Elf:2    | Found a huge runed gate.
 34372 | Elf:2    | Found a huge runed gate.
 35758 | Elf:2    | Reached skill level 21 in Long Blades
 35814 | Elf:2    | Slain by an antimagic bardiche

Action                   |  1- 3 |  4- 6 |  7- 9 | 10-12 | 13-15 | 16-18 || total
-------------------------+-------+-------+-------+-------+-------+-------++-------
Melee: Long sword        |   145 |   136 |   408 |   769 |   644 |   665 ||  2767
       Falchion          |       |       |       |   294 |       |       ||   294
       Halberd           |       |       |       |    24 |       |       ||    24
       Demon blade       |       |       |       |    54 |  1176 |       ||  1230
       Triple sword      |       |       |       |       |       |   193 ||   193
Invok: Heroism           |       |       |     3 |    15 |     8 |     7 ||    33
 Abil: Evoke Flight      |       |       |       |       |     2 |     2 ||     4
  Use: Scroll            |       |    15 |     1 |    12 |    14 |     2 ||    44
       Potion            |       |     1 |       |     3 |     4 |     3 ||    11
  Eat: Chunk             |     1 |     5 |    11 |    27 |    37 |    20 ||   101
       Beef jerky        |       |       |     1 |     1 |     7 |     2 ||    11
       Meat ration       |       |       |     1 |       |       |       ||     1
       Fruit             |       |       |       |       |     1 |       ||     1
       Royal jelly       |       |       |       |       |       |     1 ||     1
